 Dungeon Crawl Stone Soup version 0.27-a0-1219-g958d993ae5 (webtiles) character file.

Game seed: 11941094111669752222

72424 ZappyNine the Fighter (level 15, -3/165 HPs)
             Began as an Ogre Hunter on June 6, 2021.
             Was a High Priest of the Shining One.
             Slain by a seven-headed hydra (9 damage)
             ... on level 14 of the Dungeon.
             The game lasted 00:49:26 (23254 turns).

ZappyNine the Fighter (Ogre Hunter)                Turns: 23254, Time: 00:49:27

Health: -3/165     AC:  9    Str: 30    XL:     15   Next: 40%
Magic:  0/22       EV: 12    Int: 12    God:    the Shining One [*****.]
Gold:   1285       SH:  4    Dex: 10    Spells: 14/14 levels left

rFire    x . .     SeeInvis .   y - +5 great mace (protect)
rCold    + . .     Faith    .   (shield currently unavailable)
rNeg     + + .     Spirit   +   z - +1 troll leather armour
rPois    .         Reflect  .   e - +2 hat
rElec    .         Harm     .   E - +0 cloak
rCorr    .         Rampage  .   (gloves unavailable)
Will     +....                  (boots unavailable)
Stlth    +.........             I - amulet of guardian spirit
HPRegen  1.37/turn              i - +6 ring of strength
MPRegen  0.18/turn              O - ring of ice

@: glowing
A: large, unfitting armour, tough skin 1, talons 1, large bone plates 1, sense
surroundings 1
a: Renounce Religion, Divine Shield, Cleansing Flame, Summon Divine Warrior


You were on level 14 of the Dungeon.
You worshipped the Shining One.
The Shining One was extremely pleased with you.
You visited 3 branches of the dungeon, and saw 21 of its levels.
You also visited: Sewer and Ice Cave.

You collected 1285 gold pieces.

Inventory:

Hand Weapons
 k - a +0 giant club
 t - a +0 giant spiked club
 y - a +5 great mace of protection (weapon)
Missiles
 a - 407 stones
 c - 9 large rocks
 v - 7 datura-tipped darts (quivered)
 D - a silver javelin
 N - 2 throwing nets
Armour
 b - a +1 robe
 e - a +2 hat (worn)
 z - a +1 troll leather armour (worn)
 E - a +0 cloak (worn)
Jewellery
 i - a +6 ring of strength (left hand)
 w - a ring of wizardry
 G - an amulet of magic regeneration
 I - an amulet of guardian spirit (around neck)
 O - a ring of ice (right hand)
 R - a ring of protection from cold
Wands
 m - a wand of acid (19)
 q - a wand of flame (32)
 A - a wand of mindburst (12)
 C - a wand of iceblast (16)
 F - a wand of digging (4)
 K - a wand of paralysis (9)
 M - a wand of polymorph (5)
Scrolls
 g - 3 scrolls of fog
 l - 3 scrolls of amnesia
 p - 4 scrolls of teleportation
 u - 2 scrolls of identify
 x - 2 scrolls of enchant armour
 H - a scroll of holy word
 P - 2 scrolls of enchant weapon
Potions
 h - 2 potions of cancellation
 j - 5 potions of curing
 n - 6 potions of heal wounds
 o - 2 potions of haste
 s - 3 potions of flight
 B - 3 potions of might
 J - a potion of lignification
 L - a potion of brilliance
 Q - 2 potions of attraction
Miscellaneous
 f - a condenser vane


   Skills:
 + Level 14.9 Fighting
 * Level 14.6 Maces & Flails
 + Level 12.3 Throwing
 - Level 9.2 Dodging
 - Level 0.6 Stealth
 + Level 10.4 Invocations


You had 14 spell levels left.
You didn't know any spells.
Your spell library contained the following spells:

 Spells                   Type           Power      Damage    Failure   Level
 Freeze                   Ice            0%         1d3       36%         1
 Sting                    Tmut/Pois      0%         1d3       36%         1
 Ensorcelled Hibernation  Hex/Ice        0%         N/A       50%         2
 Poisonous Vapours        Pois/Air       0%         N/A       50%         2
 Conjure Flame            Conj/Fire      0%         6-21      73%         3
 Ignite Poison            Fire/Tmut/Pois 0%         N/A       73%         3
 Mephitic Cloud           Conj/Pois/Air  0%         N/A       73%         3
 Olgreb's Toxic Radiance  Pois           0%         N/A       98%         4
 Summon Ice Beast         Ice/Summ       0%         N/A       98%         4
 Freezing Cloud           Conj/Ice/Air   0%         6-21      100%        6
 Shadow Creatures         Summ           N/A        N/A       100%        6
 Malign Gateway           Summ/Tloc      0%         N/A       100%        7


Dungeon Overview and Level Annotations

Branches:
Dungeon (15/15)            Temple (1/1) D:4            Lair (6/6) D:8
  Swamp (0/4) Lair:2        Snake (0/4) Lair:2        Slime (0/5) Lair:5
    Orc (0/2) D:10         Depths (0/5) D:15          Sewer (visited)
  IceCv (visited)
 Vaults: D:13-14

Altars:
Ashenzari
Cheibriados
Elyvilon
Fedhas
Gozag
Hepliaklqana
Kikubaaqudgha
Makhleb
Nemelex Xobeh
Okawaru
Qazlal
Ru
Sif Muna
Trog
Uskayaw
Vehumet
Wu Jian
Xom
Yredelemnul
Zin
The Shining One

Shops:
D:2 !   D:12 :


Innate Abilities, Weirdness & Mutations

You are too large for most types of armour.
You have tough skin. (AC +1)
You have sharp toenails.
You are partially covered in large bone plates. (SH +4)
You passively map a small area around you.


Message History

Press: ? - help, v - describe, . - travel
Here: a seven-headed hydra (moderately wounded, fast, strong, frenzied and insane, unaware, haloed)
The floor, spattered with blood.
Throw: 9 large rocks
Press: ? - help, Shift-Dir - straight line, f/p - seven-headed hydra
Aim: a seven-headed hydra (moderately wounded, fast, strong, frenzied and insane, unaware, haloed, 97% to hit)
Really fire at the neutral seven-headed hydra?
This attack would place you under penance!
Okay, then.
A seven-headed hydra is nearby!
What are your orders? t - Shout!
Orders for allies: a - Attack new target. p - Attack previous target. r - Retreat! s - Stop attacking. g - Guard the area. f - Follow me.
Anything else - Cancel.
Guard this area!
The seven-headed hydra bites you! x2; The seven-headed hydra bites you!!
The seven-headed hydra bites you but does no damage.
The seven-headed hydra barely misses you. x2
The seven-headed hydra closely misses you.
The seven-headed hydra bites you! The seven-headed hydra bites you.
The seven-headed hydra bites you but does no damage. x2
The seven-headed hydra closely misses you.
The seven-headed hydra bites you but does no damage. x2
The seven-headed hydra roars!
The seven-headed hydra bites you! x2
You block the seven-headed hydra's attack.
The seven-headed hydra bites you. The seven-headed hydra bites you!!
* * * LOW HITPOINT WARNING * * *
You block the seven-headed hydra's attack.
The seven-headed hydra bites you!
* * * LOW HITPOINT WARNING * * *
As you read the scroll of fear, it crumbles to dust.
You assume a fearsome visage.
The seven-headed hydra is unaffected.
The seven-headed hydra misses you. The seven-headed hydra bites you!
* * * LOW HITPOINT WARNING * * *
The seven-headed hydra bites you!
* * * LOW HITPOINT WARNING * * *
The seven-headed hydra bites you!
You die...

*,,.....# #..# *,..,,
*,,**#..####..####...,,
*,,* #..............#**
*,,* #........).....#
*,,* #..####..####..#
*,,* #..# #..# *..#
*,,* #..# #..# *..#
#..###D.####..####..###
#.....@................
#......................
#..####..#######..#####
#.,* #..# #..# #,,*
#..# #..# *,,* *..#
#..# *,,* *..# #..#
*,,****.##***###..#####
*,,,,,,**≈≈≈*#.........


You could see a neutral seven-headed hydra (fast, strong, insane).

Vanquished Creatures
  Rupert (Lair:3)
  A frost giant (IceCv)
  Harold (D:7)
  8 hydras
  2 boulder beetles
  A catoblepas (Lair:5)
  2 tengu warriors (D:14)
  2 two-headed ogres
  2 death yaks
  Sonja (Lair:4)
  Pikel (D:4)
  2 cyclopes
  2 manticores
  An ice statue (IceCv)
  6 black mambas
  15 elephants
  A guardian serpent (Lair:2)
  2 torpor snails
  Joseph (D:7)
  22 cane toads
  2 gargoyles
  15 komodo dragons
  2 kobold demonologists
  2 rime drakes
  2 ice devils (D:14)
  4 trolls
  3 meliai (D:14)
  15 polar bears
  20 blink frogs
  5 tyrant leeches (Lair:6)
  4 dream sheep (Lair:5)
  3 slime creatures (D:14)
  A meliai zombie (D:10)
  3 shadows
  3 wyverns
  A wraith (D:11)
  69 yaks
  6 basilisks
  6 vampire mosquitoes
  Eustachio (D:4)
  3 acid dragons
  13 water moccasins
  Duvessa (D:7)
  A sky beast (D:7)
  2 orc warriors
  4 black bears
  4 necrophages
  24 wolves
  4 phantoms
  3 lemures (D:4)
  3 kobold brigands
  25 bullfrogs
  A gnoll sergeant (D:10)
  4 scorpions
  Dowan (D:7)
  3 killer bees
  13 wights
  3 howler monkeys
  5 electric eels
  A bullfrog zombie (D:6)
  9 hounds
  3 centaur zombies
  8 orc priests
  A centaur skeleton (D:6)
  2 jellies
  3 iguanas
  A scorpion zombie (D:5)
  Natasha (D:4)
  18 orc wizards
  4 gnolls (D:10)
  7 adders
  2 river rats
  A white imp (D:7)
  A worm (D:4)
  23 orcs
  4 bats
  5 endoplasms
  7 giant cockroaches
  5 goblins
  5 hobgoblins
  3 jackals (D:4)
  2 quokkas
  6 ball pythons
  9 frilled lizards
  7 kobolds
  12 rats
508 creatures vanquished.

Vanquished Creatures (collateral kills)
  A hydra (Lair:5)
  A centaur warrior (D:14)
  3 blink frogs (Lair:5)
  A yak (Lair:5)
6 creatures vanquished.

Vanquished Creatures (others)
  4 yaks (IceCv)
  3 wolves (IceCv)
  42 fungi
  107 plants
156 creatures vanquished.

Grand Total: 670 creatures vanquished

Notes
Turn   | Place    | Note
-------+----------+-------------------------------------------
     0 | D:1      | ZappyNine the Ogre Hunter began the quest for the Orb.
     0 | D:1      | Reached XP level 1. HP: 22/22 MP: 1/1
   381 | D:1      | Reached XP level 2. HP: 24/31 MP: 2/2
  1426 | D:2      | Reached XP level 3. HP: 18/39 MP: 3/3
  1654 | D:2      | Found a faded altar of an unknown god.
  1874 | D:2      | Found Buthrehybb's Distillery.
  2071 | D:2      | You fall into a shaft and drop 2 floors!
  2080 | D:4      | Reached skill level 1 in Maces & Flails
  2088 | D:4      | Noticed Eustachio
  2099 | D:4      | Killed Eustachio
  2100 | D:4      | Reached XP level 4. HP: 49/49 MP: 4/4
  2100 | D:4      | Reached XP level 5. HP: 55/55 MP: 5/5
  2372 | D:4      | Reached skill level 5 in Throwing
  2709 | D:4      | Noticed a lemure
  2710 | D:4      | Noticed a lemure
  2710 | D:4      | Noticed Natasha
  2785 | D:4      | Killed a lemure
  2800 | D:4      | Killed a lemure
  2939 | D:4      | Noticed Pikel
  2939 | D:4      | Noticed a lemure
  2939 | D:4      | Noticed a lemure
  2957 | D:4      | Killed a lemure
  2972 | D:4      | Killed Pikel
  2973 | D:4      | Reached XP level 6. HP: 13/67 MP: 6/6
  2973 | D:4      | Reached XP level 7. HP: 14/75 MP: 7/7
  3477 | D:4      | Identified a scroll of acquirement
  3477 | D:4      | Acquired a +2 hat
  3512 | D:4      | Reached skill level 5 in Maces & Flails
  3857 | D:4      | Found a staircase to the Ecumenical Temple.
  4032 | Temple   | Entered the Ecumenical Temple
  4294 | D:4      | Reached XP level 8. HP: 72/84 MP: 8/8
  4340 | D:4      | Killed Natasha
  4667 | D:5      | Entered Level 5 of the Dungeon
  4964 | D:5      | Found a glowing drain.
  4969 | Sewer    | Entered a sewer
  5317 | D:5      | Gained mutation: You evolve. [potion of mutation]
  5317 | D:5      | Gained mutation: You are partially covered in large bone
                  | plates. (SH +4) [potion of mutation]
  5637 | D:5      | Gained mutation: You passively map a small area around you.
                  | [evolution]
  5882 | D:6      | Reached XP level 9. HP: 85/96 MP: 9/9
  8246 | D:7      | Noticed Duvessa
  8246 | D:7      | Noticed Dowan
  8273 | D:7      | Killed Duvessa
  8273 | D:7      | Killed Dowan
  8695 | D:7      | Reached XP level 10. HP: 46/107 MP: 10/10
  9087 | D:7      | Noticed Joseph
  9087 | D:7      | Noticed Harold
  9118 | D:7      | Killed Harold
  9119 | D:7      | Reached skill level 10 in Fighting
  9125 | D:7      | Killed Joseph
  9444 | D:7      | Found a basalt altar of Yredelemnul.
  9461 | D:7      | Found a glowing golden altar of the Shining One.
  9463 | D:7      | Noticed an angel
  9468 | D:7      | Became a worshipper of the Shining One
  9589 | D:7      | Found an ornate altar of the Wu Jian Council.
 10262 | D:8      | Noticed a two-headed ogre
 10269 | D:8      | Killed a two-headed ogre
 10270 | D:8      | Reached skill level 10 in Maces & Flails
 11057 | D:8      | Found a staircase to the Lair.
 11418 | D:8      | Acquired a +4 great mace of protection
 11508 | D:8      | Reached * piety under the Shining One
 11676 | D:8      | Reached XP level 11. HP: 99/120 MP: 11/11
 11952 | D:8      | Found a white marble altar of Elyvilon.
 11952 | D:8      | Found a shimmering altar of Xom.
 12317 | D:9      | Identified the Almanac of Creative Cold
 12317 | D:9      | Noticed a manticore
 12324 | D:9      | Killed a manticore
 12838 | D:10     | Entered Level 10 of the Dungeon
 13148 | D:10     | Found a staircase to the Orcish Mines.
 13404 | D:10     | Identified the +2 helmet of the Devil's Team {Regen+}
 13493 | D:10     | Noticed a two-headed ogre
 13512 | D:10     | Killed a two-headed ogre
 13801 | D:11     | Noticed a cyclops
 13812 | D:11     | Killed a cyclops
 13820 | D:11     | Reached skill level 10 in Throwing
 14072 | D:11     | Noticed a five-headed hydra
 14078 | D:11     | Killed a five-headed hydra
 14225 | D:11     | Reached ** piety under the Shining One
 14627 | Lair:1   | Entered Level 1 of the Lair of Beasts
 14645 | D:8      | Reached skill level 1 in Invocations
 14797 | D:8      | Reached XP level 12. HP: 132/132 MP: 14/14
 14817 | D:8      | Gained mutation: You have sharp toenails. [evolution]
 14817 | D:8      | Lost mutation: You evolve. [end of evolution]
 14909 | Lair:1   | Reached skill level 5 in Invocations
 15353 | Lair:1   | Identified the +2 robe "Sacetz" {Rampage Drain Str+9 SInv}
 15742 | Lair:2   | Found a staircase to the Snake Pit.
 15949 | Lair:2   | Found a staircase to the Swamp.
 15954 | Lair:2   | Noticed a five-headed hydra
 15961 | Lair:2   | Killed a five-headed hydra
 15962 | Lair:2   | Reached skill level 10 in Invocations
 16262 | Lair:2   | Noticed a boulder beetle
 16271 | Lair:2   | Killed a boulder beetle
 16275 | Lair:2   | Reached skill level 5 in Dodging
 16509 | Lair:2   | Reached XP level 13. HP: 125/140 MP: 15/20
 17564 | Lair:3   | Reached *** piety under the Shining One
 17711 | Lair:3   | Noticed Rupert
 17725 | Lair:3   | Killed Rupert
 17746 | Lair:3   | Identified the +3 long sword "Biwk" {freeze, rN+}
 18320 | Lair:4   | Noticed Sonja
 18332 | Lair:4   | Killed Sonja
 18885 | Lair:5   | Reached XP level 14. HP: 126/153 MP: 15/21
 19017 | Lair:5   | Found a staircase to the Slime Pits.
 19735 | Lair:6   | Entered Level 6 of the Lair of Beasts
 20199 | Lair:6   | Reached **** piety under the Shining One
 20850 | Lair:6   | Identified the +8 dagger "Gonepla" {protect, rC+ rN+ rCorr
                  | Stlth+}
 21734 | D:12     | Found Roaxtih's Book Shop.
 21752 | D:12     | You fall into a shaft and drop 1 floor!
 21798 | D:13     | Found a gate leading to a gauntlet.
 21800 | D:13     | You fall into a shaft and drop 2 floors!
 21800 | D:15     | Entered Level 15 of the Dungeon
 21830 | D:15     | Reached XP level 15. HP: 67/165 MP: 7/22
 22259 | D:14     | Found a frozen archway.
 22265 | D:14     | Reached ***** piety under the Shining One
 22278 | IceCv    | Entered an ice cave
 22788 | IceCv    | Noticed a frost giant
 22808 | IceCv    | Killed a frost giant
 23254 | D:14     | HP: 6/165 [seven-headed hydra (7)]
 23254 | D:14     | Slain by a seven-headed hydra

Illustrated notes

Levels and vault maps discovered:
D:1:      denvon_arrival_hothouse, layout_loops_ring, dk_noncrumbling_2,
          nrook_loot_triangle, chequers_serial_rivers_small_a, nrook_campfire
D:2:      layout_basic, shapermc_ecumenical_altar_starsandcircs, basic_altar,
          serial_shops, nicolae_shop_waterfront, chequers_serial_rivers_large_a,
          uniq_sigmund
D:4:      kennysheep_big_flooded_room, layout_basic,
          minmay_temple_entry_mini_moons, minmay_crossroads, uniq_natasha,
          uniq_eustachio, uniq_pikel
D:5:      layout_basic, gup_sewer_entry_bowl
D:6:      minmay_flawed_box, layout_basic
D:7:      layout_cave_pools, grunt_temple_overflow_holy_war,
          pdpol_wu_jian_five_deadly_venoms, grunt_ministairs_6, uniq_joseph,
          uniq_harold, uniq_duvessa
D:8:      layout_loops_corners, gammafunk_temple_overflow_statue,
          erik_lair_island
D:9:      layout_long_grid, kennysheep_flooded_box, amethyst_killhole
D:10:     layout_stronghold, orc_0_dummy, minmay_splitting_lines,
          grunt_ministairs_2
D:11:     layout_irregular_city
D:12:     layout_roguey, serial_shops, shop, grunt_ministairs_15
D:13:     layout_grid_maze, gauntlet_entry_generic,
          onia_ninara_dug_in_and_dangerous
D:14:     layout_small_grid, david_vaults_1, portal_ice_cave_demonic_guard,
          nicolae_elyvilon_temple_path
D:15:     hangedman_depths_entry_civil_slaughter, layout_irregular_city,
          patterned_corridor, nicolae_looking_at_the_future
Temple:   regret_index_temple_sphere_string
Lair:1:   layout_long_grid
Lair:2:   wander_river, layout_gridlike, swamp_mist,
          minmay_snake_entry_spellcaster, minmay_holes, beast_lair_carwin_3,
          grunt_megastairs_5, lemuel_fruit_fields
Lair:3:   layout_long_grid, uniq_rupert
Lair:4:   layout_gridlike, lemuel_fruit_tree, uniq_sonja
Lair:5:   layout_regular_city, slime_dummy, serial_bayou, serial_bayou_crossing,
          serial_bayou_pond_a, serial_bayou_lagoon_b, serial_bayou_pond_c
Lair:6:   minmay_lair_end_frog_pond, layout_cellular_growth,
          grunt_forest_small_clearing_treed

Skill      XL: |  1  2  3  4  5  6  7  8  9 10 11 12 13 14 15 |
---------------+----------------------------------------------+-----
Fighting       | 3 4 6 7 9 11 12 13 14 | 14.9
Maces & Flails | 2 4 5 6 8 10 11 12 14 | 14.6
Throwing       | 5 6 8 9 10 11 12 | 12.3
Invocations    | 3 10 | 10.4
Dodging        | 5 9 |  9.2
Stealth        | |  0.6

Action                   |  1- 3 |  4- 6 |  7- 9 | 10-12 | 13-15 || total
-------------------------+-------+-------+-------+-------+-------++-------
Melee: Short sword       |    58 |       |       |       |       ||    58
       Club              |    28 |    79 |       |       |       ||   107
       Whip              |       |       |   403 |   116 |       ||   519
       Great mace        |       |       |       |   236 |   662 ||   898
       Kick              |       |       |       |    34 |   226 ||   260
Throw: Large rock        |     7 |    10 |    17 |    64 |    46 ||   144
       Throwing net      |     2 |     2 |     2 |     5 |       ||    11
       Stone             |       |     4 |     1 |    11 |     6 ||    22
       Dart              |       |       |    17 |    29 |    19 ||    65
       Javelin           |       |       |       |    10 |     3 ||    13
Invok: Divine Shield     |       |       |       |     1 |     2 ||     3
Evoke: Wand              |       |       |       |     8 |     3 ||    11
  Use: Potion            |     1 |     6 |     3 |     5 |     3 ||    18
       Scroll            |       |       |    12 |    10 |    10 ||    32
 Stab: Sleeping          |       |     1 |     1 |       |       ||     2
       Distracted        |       |       |     1 |       |       ||     1
       Invisible         |       |       |       |     4 |       ||     4
Armor: Robe              |    32 |    28 |   123 |    15 |       ||   198
       Troll leather arm |       |       |       |   134 |   392 ||   526
Dodge: Dodged            |    55 |    37 |   127 |   131 |   489 ||   839
Block: Other             |       |       |    40 |    56 |   154 ||   250

Table legend: (Time is in decaauts)
 A = Elapsed time spent in this place.
 B = Non-inter-level travel time spent in this place.
 C = Inter-level travel time spent in this place.
 D = Time resting spent in this place.
 E = Time spent auto-exploring this place.
 F = Levels seen in this place.
 G = Mean time per level.
                   A        B        C        D        E       F      G
               +--------+--------+--------+--------+--------+-----+--------+
         Total |  23428 |  22548 |    880 |   5040 |  12468 |  23 | 1018.6 |
       Dungeon |  15029 |  14497 |    532 |   3889 |   8040 |  14 | 1073.5 |
        Temple |    186 |    155 |     31 |      0 |    155 |   1 |  186.0 |
          Lair |   6937 |   6621 |    316 |    962 |   3847 |   6 | 1156.2 |
         Sewer |    344 |    344 |      0 |      0 |    243 |   1 |  344.0 |
      Ice Cave |    931 |    931 |      0 |    189 |    182 |   1 |  931.0 |
               +--------+--------+--------+--------+--------+-----+--------+

Top non-repeatable levels by time:
     D:8: 2599 daAuts
     D:4: 2448 daAuts
     D:6: 2191 daAuts
  Lair:6: 1706 daAuts
     D:7: 1534 daAuts
  Lair:2: 1466 daAuts
     D:1: 1409 daAuts
  Lair:5: 1153 daAuts
  Lair:1: 1008 daAuts
    D:10: 988 daAuts
  Lair:4: 950 daAuts
   IceCv: 931 daAuts
    D:11: 860 daAuts
     D:5: 846 daAuts
     D:9: 820 daAuts
